Match 42446632
Unlisted

Match 42446632
End
Vickers Machine Gun Team
Construct Section Command Post
Dingo Light Scout Car
Infantry Section
Infantry Section
Construct Platoon Command Post
Humber Armored Car
6-pounder Anti-tank Gun Team
Infantry Training
Selects Australian Defense Battlegroup
Selects Australian Light Infantry Section
Selects Defensive Tactics
Australian Light Infantry Section
Grenade Package
Selects CMP 15cwt Supply Run
Selects Reinforced Resource Caches
Unlock Bishop Self-propelled Artillery
Bishop Self-propelled Artillery
Light Vehicle Training
Bishop Self-propelled Artillery
HulkSMASH
⚓️Ruby⚓
REDFORCE
Take care of yourself
0
0

Comments sign in to comment!

No comments posted yet!